 Dungeon Crawl Stone Soup version 0.32-a0-350-g4f4d228 (webtiles) character file.

Game seed: 11960989555395081704

9202 edsrzf the Cleaver (level 11, 0/99 (102) HPs)
             Began as a Mountain Dwarf Reaver on Feb 17, 2024.
             Was a High Priest of Nemelex Xobeh.
             Killed by vampiric draining
             ... invoked by Josephine
              (20 damage)
             ... on level 11 of the Dungeon.
             The game lasted 00:40:20 (14662 turns).

edsrzf the Cleaver (Mountain Dwarf Reaver)         Turns: 14662, Time: 00:40:23

HP:   0/99 (102)    AC:  9    Str: 19    XL:     11   Next: 19%
MP:   9/17          EV: 16    Int: 14    God:    Nemelex Xobeh [*****.]
Gold: 728           SH:  0    Dex:  8    Spells: 8/18 levels left

rFire   . . .        a - +0 hand axe (drain)
rCold   . . .        (no shield)
rNeg    . . .        G - +0 acid dragon scales
rPois   .            h - +0 helmet
rElec   .            k - +0 cloak
rCorr   +            H - +0 pair of gloves
SInv    .            (no boots)
Will    +....        (no amulet)
Stlth   +            E - +5 ring of evasion
HPRegen 0.36/turn    (no ring)
MPRegen 0.15/turn

%: no passive effects
@: lightly drained
A: runic magic, artefact enchanting
a: Renounce Religion, Draw Escape, Draw Destruction, Draw Summoning, Triple
Draw, Deal Four, Stack Five


You were on level 11 of the Dungeon.
You worshipped Nemelex Xobeh.
Nemelex Xobeh was extremely pleased with you.
You visited 2 branches of the dungeon, and saw 12 of its levels.
You also visited: Ossuary.

You collected 728 gold pieces.

Inventory:

Hand Weapons
 a - a +0 hand axe of draining (weapon)
 q - the +10 dagger "Gabeleh" {pain, Str+8 Dex-2}
   (You found it on level 4 of the Dungeon)

   Str+8:     It affects your strength (+8).
   Dex-2:     It affects your dexterity (-2).
 r - a +2 antimagic hand axe
 L - a +0 vampiric hand axe
Missiles
 c - 5 datura-tipped darts
 y - 5 poisoned darts
 C - a throwing net {=f}
 I - a curare-tipped dart
Armour
 h - a +0 helmet (worn)
 k - a +0 cloak (worn)
 G - +0 acid dragon scales (worn)
 H - a +0 pair of gloves (worn)
Jewellery
 i - a ring of fire
 E - a +5 ring of evasion (left hand)
Wands
 b - a wand of iceblast (6)
 t - a wand of paralysis (10)
 x - a wand of flame (20)
Scrolls
 d - 2 scrolls of teleportation {@r3}
 e - 3 scrolls of blinking {unknown}
 f - 3 scrolls of poison {unknown}
 n - a scroll of torment {unknown}
 o - 2 scrolls of immolation {unknown}
 u - a scroll of fear {unknown}
 v - 3 scrolls of amnesia {unknown}
 w - a scroll of revelation {unknown}
 B - 3 scrolls of fog {unknown}
 D - 2 scrolls of acquirement {unknown}
 F - a scroll of vulnerability {unknown}
 J - a scroll of brand weapon {unknown}
Potions
 g - a potion of berserk rage {!q}
 j - 4 potions of lignification
 l - 4 potions of invisibility
 m - 5 potions of haste
 p - 5 potions of curing
 s - 5 potions of brilliance
 z - 3 potions of enlightenment
 A - 3 potions of mutation {!q}
 K - a potion of resistance {unknown}


   Skills:
 - Level 11.2 Fighting
 - Level 14.1 Axes
 + Level 0.0 Armour
 - Level 1.3 Dodging
 - Level 4.0 Spellcasting
 - Level 5.2 Conjurations
 - Level 5.0 Necromancy
 + Level 3.0 Invocations


You had 8 spell levels left.
You knew the following spells:

 Your Spells              Type           Power      Damage    Failure   Level
a - Kiss of Death         Conj/Necr      68%        2d10      2%          1
b - Magic Dart            Conj           68%        1d6       2%          1
c - Fugue of the Fallen   Necr           17%        N/A       8%          3
r - Searing Ray           Conj           34%        2d5       3%          2
v - Vampiric Draining     Necr           17%        2d7       8%          3

Your spell library contained the following spells:

 Spells                   Type           Power      Damage    Failure   Level
 Necrotise                Necr           68%        1d7       2%          1
 Momentum Strike          Conj/Tloc      20%        3d8       11%         2
 Static Discharge         Conj/Air       20%        3-4/arc   11%         2
 Hailstorm                Conj/Ice       10%        3d6       22%         3
 Gell's Gravitas          Tloc           2%         N/A       52%         3
 Ozocubu's Armour         Ice            2%         N/A       52%         3
 Teleport Other           Tloc           2%         N/A       52%         3
 Fulminant Prism          Conj/Alch      5%         3d7       56%         4
 Curse of Agony           Necr           17%        N/A       56%         5
 Martyr's Knell           Necr/Summ      9%         N/A       58%         4
 Arcjolt                  Conj/Air       5%         1d15      89%         5
 Airstrike                Air            1%         2d(1-17)  90%         4
 Manifold Assault         Tloc           2%         N/A       90%         4
 Summon Lightning Spire   Summ/Air       2%         N/A       90%         4
 Vhi's Electric Charge    Tloc/Air       4%         N/A       90%         4
 Dispersal                Tloc           1%         N/A       100%        6
 Plasma Beam              Fire/Air       1%         2x1d11    100%        6


Dungeon Overview and Level Annotations

Branches:
Dungeon (11/15)            Temple (0/1) D:5            Lair (0/5) D:10
    Orc (1/2) D:10        Ossuary (visited)

Altars:
Ashenzari
Dithmenos
Fedhas
Gozag
Makhleb
Nemelex Xobeh
Ru
Trog
Wu Jian
Yredelemnul
Beogh

Shops:
D:4 *   D:8 *   D:10 [*

Portals:
Trove: D:10 (give 17 scrolls of teleportation)

Annotations:
D:5 2 transporters, brrff's ghost, novice MiHu
D:6 2 transporters, Mumonspawn's ghost, novice OpBe
D:11 Josephine


Innate Abilities, Weirdness & Mutations

Your spellcasting is much less encumbered by armour.
You can use scrolls of enchantment on lesser artefacts.


Message History

You climb downwards.
Level annotation: Josephine
There is a stone staircase leading up here.
HP restored.
Found 9 stones.
Found a ring mail.
You open the door.
There is an open door here.
You open the door.
Found a stone staircase leading down.
There is an open door here.
You open the door.
Josephine shouts!
There is an open door here.
You start waiting.
Josephine is nearby!
Casting: Searing Ray (safe; 3% risk of failure)
Confirm with . or Enter, or press ? or * to list all spells.
Aiming: Searing Ray (safe; 3% risk of failure)
Press: ? - help, Shift-Dir - straight line, f - Josephine
Aim: Josephine, wielding a +0 dagger and wearing a +0 robe (78% to hit)
The searing ray hits Josephine.
Josephine is lightly wounded. (Press . to maintain the ray.) Unknown command.
The searing ray hits Josephine!
Josephine is lightly wounded.
Josephine hits you with a +0 dagger.
The searing ray hits Josephine!
Josephine is moderately wounded.
Josephine hits you with a +0 dagger.
The searing ray hits Josephine.
Josephine is moderately wounded.
You finish channelling your searing ray.
Josephine barely misses you.
You barely miss Josephine.
Josephine is moderately wounded.
Josephine hits you with a +0 dagger.
You slash Josephine!
Josephine is heavily wounded.
You hit Josephine.
Josephine is heavily wounded.
Josephine hits you with a +0 dagger!
You barely miss Josephine.
Josephine is heavily wounded.
Josephine hits you with a +0 dagger.
You hit Josephine.
Josephine is heavily wounded.
You slash Josephine!
Josephine is severely wounded.
Josephine gestures at you while chanting.
The ghostly flame explodes!
The ghostly fireball engulfs you!!
You feel drained.
The ghostly fireball engulfs Josephine.
Josephine completely resists.
You hit Josephine.
Josephine is severely wounded.
Casting: Searing Ray (safe; 3% risk of failure)
Confirm with . or Enter, or press ? or * to list all spells.
Okay, then.
Casting: Searing Ray (safe; 3% risk of failure)
Confirm with . or Enter, or press ? or * to list all spells.
Okay, then.
Casting: Searing Ray (safe; 3% risk of failure)
Confirm with . or Enter, or press ? or * to list all spells.
Aiming: Searing Ray (safe; 3% risk of failure)
Press: ? - help, Shift-Dir - straight line, f/p - Josephine
Aim: Josephine, wielding a +0 dagger and wearing a +0 robe (severely wounded, 78% to hit)
The searing ray hits Josephine!
Josephine is severely wounded. (Press . to maintain the ray.) Josephine hits you with a +0 dagger!
The searing ray hits Josephine.
Josephine is almost dead.
Josephine hits you with a +0 dagger!
The searing ray hits Josephine.
Josephine is almost dead.
Josephine hits you but does no damage.
A wraith comes into view.
The searing ray hits Josephine.
Josephine is almost dead.
The searing ray hits the wraith but does no damage.
You finish channelling your searing ray.
Josephine hits you but does no damage.
Okay, then.
You hit Josephine but do no damage.
Josephine is almost dead.
Josephine draws life force from you!!
* * * LOW HITPOINT WARNING * * *
Josephine is healed by the life force!
A wraith comes into view.
Okay, then.
You draw a card...
You have drawn the Orb.
Press: ? - help, Shift-Dir - straight line, f/p - Josephine
Aim: Josephine, wielding a +0 dagger and wearing a +0 robe (severely wounded)
The wavering orb of destruction weakly hits Josephine!
Josephine is almost dead.
Josephine draws life force from you!!
You die...
Your body glows with a rainbow of weird colours and disappears.

######## #...#..# ......# ....
##### #.##############
##...##..###+###.......#>.#...##
..............W...#.......'....#
...... .......#@W.#.......#....#
.....# ..##[..##@.##.....##....#
#....######)..###+##.....##....##
#....##......... #.....##....#.
...@..†.).[(.... #.....##......
.....##.@##.#### #.....##...##.
.....##..##.# ##.....##...##.
........<...# #......+....###
.....##.....# +......#.....[.
.....##..##.# #.....#######.


You could see Josephine and 2 wraiths.

Vanquished Creatures
  Pikel (D:5)
  An ugly thing (D:9)
  2 cyclopes
  Maurice (D:9)
  Maggie (D:9)
  A troll (D:10)
  5 yaks (D:9)
  A shadow (D:10)
  Menkaure (D:4)
  A warg (D:10)
  Grum (D:9)
  3 vampire mosquitoes (D:11)
  Duvessa (D:6)
  6 orc warriors
  3 ogres
  3 wolves
  4 centaurs
  A phantom (D:5)
  A kobold brigand (D:9)
  A lemure (D:5)
  A weeping skull (D:6)
  7 bullfrogs
  4 gnoll sergeants
  A scorpion (D:7)
  An elf zombie (Ossuary)
  A water moccasin zombie (D:4)
  Dowan (D:6)
  5 killer bees (D:10)
  4 howler monkeys
  4 centaur zombies (Ossuary)
  12 orc priests
  5 hounds
  A bombardier beetle (D:5)
  A jelly (D:5)
  2 sleepcaps (D:8)
  6 iguanas
  Natasha (thrice) (D:4)
  10 orc wizards
  3 hound skeletons (D:5)
  7 hound zombies
  2 mummies (Ossuary)
  17 gnolls
  5 adders
  2 howler monkey skeletons (D:5)
  2 white imps (D:6)
  4 ufetubi (D:6)
  A spectral adder (D:4)
  5 adder zombies
  2 adder skeletons (D:4)
  2 dart slugs
  54 orcs
  9 bats
  3 endoplasms
  4 giant cockroaches
  8 gnoll zombies (Ossuary)
  8 goblins
  6 hobgoblins
  4 jackals (D:3)
  2 quokkas
  6 ball pythons
  5 frilled lizards
  2 jackal zombies (Ossuary)
  7 kobolds
  5 kobold zombies (Ossuary)
  8 orc zombies (Ossuary)
  3 rats (D:3)
  A spectral orc (D:6)
295 creatures vanquished.

Vanquished Creatures (others)
  A gnoll (D:9)
1 creature vanquished.

Grand Total: 296 creatures vanquished

Notes
Turn   | Place    | Note
-------+----------+-------------------------------------------
     0 | D:1      | edsrzf the Mountain Dwarf Reaver began the quest for the
                  | Orb.
     0 | D:1      | Reached XP level 1. HP: 17/17 MP: 3/3
     1 | D:1      | Found a burning altar of Makhleb.
    61 | D:1      | Found a faded altar of an unknown god.
    87 | D:1      | Prayed at the altar of an unknown god.
    87 | D:1      | Became a worshipper of Nemelex Xobeh the Trickster
    87 | D:1      | Reached * piety under Nemelex Xobeh
   108 | D:1      | Reached skill level 2 in Spellcasting
   134 | D:1      | Reached skill level 3 in Conjurations
   200 | D:1      | Reached XP level 2. HP: 21/24 MP: 5/5
   302 | D:1      | Reached skill level 1 in Invocations
   371 | D:1      | Reached skill level 4 in Axes
   470 | D:1      | Received a gift from Nemelex Xobeh
   474 | D:1      | Reached XP level 3. HP: 29/29 MP: 6/6
   511 | D:1      | Reached skill level 2 in Invocations
  1166 | D:2      | Reached ** piety under Nemelex Xobeh
  1357 | D:2      | Learned a level 1 spell: Magic Dart
  1360 | D:2      | Learned a level 2 spell: Searing Ray
  1460 | D:3      | Reached skill level 3 in Invocations
  1469 | D:3      | Reached XP level 4. HP: 36/36 MP: 7/7
  1496 | D:3      | Received a gift from Nemelex Xobeh
  1766 | D:3      | Found a sacrificial altar of Ru.
  1920 | D:3      | Reached skill level 5 in Axes
  2063 | D:3      | Reached XP level 5. HP: 41/41 MP: 5/8
  2261 | D:4      | Noticed a centaur
  2277 | D:4      | Killed a centaur
  2278 | D:4      | Reached skill level 4 in Conjurations
  2402 | D:4      | Found Zejuhauxoq's General Store.
  2438 | D:4      | Noticed an ogre
  2454 | D:4      | Killed an ogre
  2455 | D:4      | Reached skill level 6 in Axes
  2455 | D:4      | Reached XP level 6. HP: 48/48 MP: 2/9
  2750 | D:4      | Received a gift from Nemelex Xobeh
  3045 | D:4      | Noticed Natasha
  3050 | D:4      | Killed Natasha
  3051 | D:4      | Reached skill level 7 in Axes
  3053 | D:4      | Reached skill level 5 in Conjurations
  3059 | D:4      | Reached XP level 7. HP: 53/55 MP: 1/10
  3203 | D:4      | Noticed Natasha
  3210 | D:4      | Killed Natasha
  3252 | D:4      | Identified the +10 dagger "Gabeleh" {pain, Str+8 Dex-2}
  3263 | D:4      | Learned a level 3 spell: Fugue of the Fallen
  3267 | D:4      | Learned a level 3 spell: Vampiric Draining
  3409 | D:4      | Identified the serpent talisman of the Unseen Realm {rC+
                  | rN+ Int+8 Dex-5}
  3541 | D:4      | Noticed Menkaure
  3553 | D:4      | Killed Menkaure
  3554 | D:4      | Reached skill level 1 in Necromancy
  3723 | D:4      | Noticed Natasha
  3729 | D:4      | Killed Natasha
  3730 | D:4      | Reached skill level 2 in Necromancy
  3940 | D:5      | Entered Level 5 of the Dungeon
  3941 | D:5      | Identified 3 scrolls of teleportation
  3942 | D:5      | Identified 3 scrolls of identify
  3942 | D:5      | Identified a potion of berserk rage
  3943 | D:5      | Identified a potion of heal wounds
  3944 | D:5      | Identified 2 potions of lignification
  3953 | D:5      | Reached skill level 8 in Axes
  3994 | D:5      | Found a blossoming altar of Fedhas.
  4087 | D:5      | Found a sand-covered staircase.
  4097 | D:5      | Reached skill level 3 in Necromancy
  4107 | Ossuary  | Entered an ossuary
  4243 | Ossuary  | Reached XP level 8. HP: 43/61 MP: 3/11
  4673 | Ossuary  | Reached skill level 4 in Necromancy
  4690 | Ossuary  | Reached skill level 9 in Axes
  4906 | D:5      | Found a staircase to the Ecumenical Temple.
  4914 | D:5      | Found a transporter.
  4916 | D:5      | Noticed brrff's ghost (novice MiHu)
  4955 | D:5      | Found a transporter.
  4970 | D:5      | Noticed Pikel
  5291 | D:5      | Reached skill level 5 in Necromancy
  5354 | D:5      | Killed Pikel
  5355 | D:5      | Reached skill level 4 in Fighting
  5355 | D:5      | Reached skill level 10 in Axes
  5520 | D:5      | Identified a potion of brilliance
  5883 | D:5      | Reached XP level 9. HP: 71/72 MP: 12/12
  6231 | D:6      | Found a burning altar of Makhleb.
  6232 | D:6      | Reached *** piety under Nemelex Xobeh
  6264 | D:6      | Noticed Mumonspawn's ghost (novice OpBe)
  6265 | D:6      | Noticed a queen bee
  6324 | D:6      | Reached skill level 5 in Fighting
  6694 | D:6      | Found a transporter.
  6698 | D:6      | Found a transporter.
  6736 | D:6      | Identified 4 potions of invisibility
  6820 | D:6      | Received a gift from Nemelex Xobeh
  7089 | D:6      | Reached skill level 11 in Axes
  7126 | D:6      | Noticed Dowan
  7130 | D:6      | Noticed Duvessa
  7139 | D:6      | Killed Dowan
  7148 | D:6      | Killed Duvessa
  7149 | D:6      | Reached skill level 6 in Fighting
  7545 | D:6      | Found a basalt altar of Yredelemnul.
  7763 | D:7      | Identified a potion of enlightenment
  7793 | D:7      | Identified 5 potions of haste
  8219 | D:7      | Reached **** piety under Nemelex Xobeh
  8219 | D:7      | Received a gift from Nemelex Xobeh
  8222 | D:7      | Found an ornate altar of the Wu Jian Council.
  8537 | D:7      | Reached skill level 7 in Fighting
  8616 | D:7      | Identified 2 potions of mutation
  8639 | D:8      | Received a gift from Nemelex Xobeh
  8701 | D:8      | Reached skill level 12 in Axes
  9333 | D:8      | Found Emobof's Elemental Accessories.
  9452 | D:8      | Received a gift from Nemelex Xobeh
  9571 | D:8      | Identified 6 potions of curing
  9925 | D:8      | Found a shadowy altar of Dithmenos.
  9949 | D:8      | Found a broken altar of Ashenzari.
 10189 | D:9      | Received a gift from Nemelex Xobeh
 10330 | D:9      | Noticed Maggie
 10456 | D:9      | Noticed a cyan ugly thing
 10580 | D:9      | Reached skill level 8 in Fighting
 10659 | D:9      | Killed Maggie
 10660 | D:9      | Reached XP level 10. HP: 88/88 MP: 13/13
 10845 | D:9      | Reached skill level 13 in Axes
 10893 | D:9      | Noticed Grum
 10903 | D:9      | Killed Grum
 10908 | D:9      | Reached skill level 9 in Fighting
 11183 | D:9      | Noticed Erolcha
 11184 | D:9      | Erolcha changed into Erolcha the orc
 11184 | D:9      | Noticed Erolcha
 11191 | D:9      | Killed Erolcha the orc
 11288 | D:9      | Noticed Maurice
 11301 | D:9      | Killed Maurice
 11471 | D:10     | Entered Level 10 of the Dungeon
 11854 | D:10     | Found a staircase to the Orcish Mines.
 11856 | D:10     | Found Cudorem's Armour Emporium.
 11917 | D:10     | Found an opulent altar of Gozag.
 11924 | D:10     | Found a bloodstained altar of Trog.
 12283 | D:9      | Found a roughly hewn altar of Beogh.
 12307 | D:9      | Reached skill level 10 in Fighting
 12458 | D:9      | Killed a cyan ugly thing
 12459 | D:9      | Reached skill level 14 in Axes
 12641 | D:9      | Received a gift from Nemelex Xobeh
 13012 | D:10     | Reached ***** piety under Nemelex Xobeh
 13304 | D:10     | Received a gift from Nemelex Xobeh
 13406 | D:10     | Found a staircase to the Lair.
 13733 | D:10     | Found a portal to a secret trove of treasure.
 14080 | D:10     | Received a gift from Nemelex Xobeh
 14081 | D:10     | Found Laum's Assorted Antiques.
 14107 | D:10     | Reached skill level 3 in Spellcasting
 14107 | D:10     | Reached XP level 11. HP: 98/101 MP: 13/15
 14275 | Orc:1    | Entered Level 1 of the Orcish Mines
 14376 | D:11     | Reached skill level 11 in Fighting
 14511 | D:11     | Noticed Josephine
 14531 | D:10     | Reached skill level 4 in Spellcasting
 14662 | D:11     | Killed from afar by Josephine

Illustrated notes

Levels and vault maps discovered:
D:1:      sevenhm_arrival_forest_fort_small_6, layout_loops_ring,
          ebering_ecumenical_altar_mist
D:2:      layout_basic
D:3:      layout_rooms, nicolae_ru_the_path_less_chosen, serial_corexii_hall,
          corexii_hall_statues_l, corexii_hall_statues_deadend,
          chequers_hall_statues_y
D:4:      layout_loops_ring, serial_shops, nicolae_shop_gibbet_a_chance,
          dilly_guarded_unrand_morg, uniq_menkaure
D:5:      layout_cave_pods, kennysheep_mini, minmay_temple_entry_from_below_a,
          mainiacjoe_ossuary_entry_find_the_door, gammafunk_ghost_arena,
          uniq_pikel
D:6:      layout_loops_cross, yredelemnul_forgotten_temple_becter,
          overflow_temple_1_default, gammafunk_ghost_hive, uniq_duvessa
D:7:      layout_basic, kennysheep_mini_moat
D:8:      layout_layer_cave, mainiacjoe_overflow_tiny_flanked,
          lemuel_coloured_pillars_altar, nicolae_elemental_shop,
          nicolae_zen_rock_garden, grunt_ogre_cave, nicolae_wwwww
D:9:      layout_roguey [special_room_orc], dk_noncrumbling_2, uniq_maggie,
          uniq_grum, uniq_erolcha, uniq_maurice
D:10:     layout_stronghold, grunt_gozag_statues, overflow_temple_1_default,
          erik_lair_orcish_takeover, orc_david_3, nicolae_trove_entry_diagonal,
          serial_shops, nicolae_shop_back_alley_shop
D:11:     minmay_cornered_nines, layout_gridville, uniq_josephine
Orc:1:    cheibrodos_orc_bank, layout_caves

Skill      XL: |  1  2  3  4  5  6  7  8  9 10 11 |
---------------+----------------------------------+-----
Spellcasting   | 2 3 4 |  4.0
Conjurations   | 3 4 5 |  5.2
Invocations    | 1 3 |  3.0
Axes           | 4 5 6 7 8 10 12 14 | 14.1
Necromancy     | 3 5 |  5.0
Fighting       | 4 8 10 11 | 11.2
Dodging        | |  1.3

Action                     |  1- 3 |  4- 6 |  7- 9 | 10-12 || total
---------------------------+-------+-------+-------+-------++-------
  Melee: Hand axe          |   126 |    45 |   334 |   303 ||   808
   Cast: Magic Dart        |       |    23 |    94 |    82 ||   199
         Searing Ray       |       |    12 |    61 |    26 ||    99
         Fugue of the Fall |       |       |     1 |       ||     1
 Invoke: Draw Destruction  |       |       |     3 |    10 ||    13
         Draw Escape       |       |       |       |     2 ||     2
  Evoke: Wand              |       |     2 |    10 |    15 ||    27
    Use: Scroll            |       |       |    10 |     1 ||    11
         Potion            |       |       |     2 |     1 ||     3
   Stab: Paralysed         |       |       |    11 |    41 ||    52
 Armour: Leather armour    |    94 |    64 |   318 |       ||   476
         Acid dragon scale |       |       |       |   155 ||   155
  Dodge: Dodged            |    74 |    40 |   222 |   207 ||   543

Table legend: (Time is in decaauts)
 A = Elapsed time spent in this place.
 B = Non-inter-level travel time spent in this place.
 C = Inter-level travel time spent in this place.
 D = Time resting spent in this place.
 E = Time spent auto-exploring this place.
 F = Levels seen in this place.
 G = Mean time per level.
                   A        B        C        D        E       F      G
               +--------+--------+--------+--------+--------+-----+--------+
         Total |  14508 |  14079 |    429 |   4810 |   6849 |  13 | 1116.0 |
       Dungeon |  13721 |  13292 |    429 |   4312 |   6750 |  11 | 1247.4 |
  Orcish Mines |      6 |      6 |      0 |      0 |      0 |   1 |    6.0 |
       Ossuary |    780 |    780 |      0 |    498 |     99 |   1 |  780.0 |
               +--------+--------+--------+--------+--------+-----+--------+

Top non-repeatable levels by time:
    D:10: 1979 daAuts
     D:9: 1924 daAuts
     D:8: 1750 daAuts
     D:4: 1704 daAuts
     D:5: 1464 daAuts
     D:6: 1431 daAuts
     D:7: 967 daAuts
     D:3: 843 daAuts
     D:1: 784 daAuts
 Ossuary: 780 daAuts
     D:2: 634 daAuts
    D:11: 236 daAuts
   Orc:1: 6 daAuts
